 Dungeon Crawl Stone Soup version 0.31-a0-204-g7da18cac08 (webtiles) character file.

Game seed: 15705983417021818394

1006 rocky1 the Geomancer (level 8, 0/46 HPs)
             Began as a Gargoyle Earth Elementalist on June 28, 2023.
             Slain by a wyvern zombie (10 damage)
             ... in an ossuary.
             The game lasted 00:10:56 (3717 turns).

rocky1 the Geomancer (Gargoyle Earth Elementalist)  Turns: 3717, Time: 00:10:57

Health: 0/46       AC: 11    Str: 12    XL:     8   Next: 20%
Magic:  3/15       EV: 11    Int: 18    God:
Gold:   123        SH:  0    Dex: 10    Spells: 15/16 levels left

rFire   . . .        t - +2 mace (drain)
rCold   . . .        (no shield)
rNeg    + . .        u - +1 animal skin
rPois   ∞            v - +0 helmet
rElec   +            w - +0 cloak
rCorr   .            d - +0 pair of gloves
SInv    .            (no boots)
Will    .....        (no amulet)
Stlth   ++           (no ring)
HPRegen 0.27/turn    (no ring)
MPRegen 0.14/turn

%: no passive effects
@: no status effects
A: sickness immunity, AC +5, negative energy resistance 1, electricity
resistance, torment resistance 1, petrification resistance
a: no special abilities


You were in an ossuary.
You visited 1 branch of the dungeon, and saw 4 of its levels.
You also visited: Sewer and Ossuary.

You collected 123 gold pieces.

Inventory:

Hand Weapons
 t - a +2 mace of draining (weapon)
Missiles
 p - 4 poisoned darts
Armour
 d - a +0 pair of gloves (worn)
 u - a +1 animal skin (worn)
 v - a +0 helmet (worn)
 w - a +0 cloak (worn)
Wands
 b - a wand of polymorph (9)
Scrolls
 c - a scroll of vulnerability {unknown}
 e - a scroll of blinking {unknown}
 g - a scroll of immolation {unknown}
 i - a scroll of torment {unknown}
 j - a scroll of poison {unknown}
 l - a scroll of butterflies {unknown}
 m - a scroll of identify {unknown}
 n - a scroll of enchant weapon
 o - a scroll of amnesia {unknown}
 x - a scroll of acquirement {unknown}
Potions
 a - a potion of attraction {unknown}
 f - a potion of brilliance {unknown}
 h - a potion of cancellation {unknown}
 k - a potion of invisibility {unknown}
 q - 2 potions of enlightenment
 s - 2 potions of curing
 z - a potion of lignification {unknown}


   Skills:
 * Level 3.5 Fighting
 + Level 1.0 Maces & Flails
 - Level 1.5 Dodging
 - Level 2.1 Stealth
 + Level 4.9 Spellcasting
 - Level 0.7 Transmutations
 * Level 8.9 Earth Magic


You had 15 spell levels left.
You knew the following spells:

 Your Spells              Type           Power      Damage    Failure   Level
a - Sandblast             Erth           72%        2d16      1%          1

Your spell library contained the following spells:

 Spells                   Type           Power      Damage    Failure   Level
 Passwall                 Tmut/Erth      17%        N/A       2%          2
 Stone Arrow              Conj/Erth      40%        3d9       6%          3
 Petrify                  Tmut/Erth      21%        N/A       19%         4
 Animate Armour           Summ/Erth      40%        N/A       22%         4
 Lehudib's Crystal Spear  Conj/Erth      10%        10d4      100%        8


Dungeon Overview and Level Annotations

Branches:
Dungeon (4/15)              Sewer (visited)         Ossuary (1/1)
 Temple: D:4-7

Altars:
Hepliaklqana
Uskayaw
Yredelemnul


Innate Abilities, Weirdness & Mutations

You are immune to sickness and miasma.
Your stone body is resilient. (AC +5)
You are immune to poison.
You resist negative energy. (rN+)
You are resistant to electric shocks. (rElec)
You are resistant to unholy torment.
You are immune to petrification.


Message History

Press: ? - help, Q - select action, (/) - cycle Shift-Dir - straight line, f/p - wyvern zombie
Aim: a wyvern zombie (moderately damaged, 94% to hit)
The blast of sand hits the bog mummy!
The bog mummy is heavily damaged.
The bog mummy barely misses you.
Aiming: Sandblast (safe; 1% risk of failure)
Press: ? - help, Q - select action, (/) - cycle Shift-Dir - straight line, f/p - wyvern zombie
Aim: a wyvern zombie (moderately damaged, 94% to hit)
The blast of sand hits the bog mummy!!
You destroy the bog mummy!
The wyvern zombie bites you but does no damage.
You hit the wyvern zombie.
The wyvern zombie is moderately damaged.
The wyvern zombie closely misses you.
You sock the wyvern zombie!
The wyvern zombie is heavily damaged.
The wyvern zombie bites you but does no damage.
The wyvern zombie bites you!
You hit the wyvern zombie but do no damage.
The wyvern zombie is heavily damaged.
The wyvern zombie bites you. x2
* * * LOW HITPOINT WARNING * * *
You barely miss the wyvern zombie.
The wyvern zombie is heavily damaged.
The wyvern zombie misses you.
A howler monkey zombie comes into view.
The wyvern zombie closely misses you.
Aiming: Sandblast (safe; 1% risk of failure)
Press: ? - help, Q - select action, (/) - cycle Shift-Dir - straight line, f/p - wyvern zombie
Aim: a wyvern zombie (heavily damaged, 94% to hit)
The blast of sand hits the wyvern zombie!
The wyvern zombie is severely damaged.
The wyvern zombie closely misses you. x2
Aiming: Sandblast (safe; 1% risk of failure)
Press: ? - help, Q - select action, (/) - cycle Shift-Dir - straight line, f/p - wyvern zombie
Aim: a wyvern zombie (severely damaged, 94% to hit)
The blast of sand hits the wyvern zombie.
The wyvern zombie is almost destroyed.
The wyvern zombie bites you!
You die...

### ≈≈# #≈# ≈
#### ≈≈# ~~#
≈~~###~# P~.~
#P#.~.#
~~.~.#.~~#'###
~~~.~~~.~~ZZ@#
~##+##~##~###
#...#.'.
#.∩.#.###
#∩..#.'
#####.# ..'
#.#


You could see a wyvern zombie and a howler monkey zombie.

Vanquished Creatures
  A hornet zombie (Ossuary)
  A black bear (D:4)
  A kobold brigand (Sewer)
  2 water moccasin zombies (Ossuary)
  2 wyvern zombies (Ossuary)
  A scorpion (D:4)
  A howler monkey (D:3)
  A centaur zombie (Ossuary)
  A hound (D:4)
  Crazy Yiuf (D:3)
  Ijyb (D:3)
  2 killer bee zombies (Ossuary)
  5 mummies (Ossuary)
  Robin (D:3)
  3 adders
  3 gnolls (D:3)
  A river rat (D:3)
  3 worms (D:2)
  An orc (D:4)
  2 bats (D:2)
  11 endoplasms
  3 giant cockroaches
  10 goblins
  12 hobgoblins
  6 jackals
  7 kobolds
  A quokka (D:2)
  10 ball pythons
  2 frilled lizards (D:1)
  14 rats
110 creatures vanquished.

Notes
Turn   | Place    | Note
-------+----------+-------------------------------------------
     0 | D:1      | rocky1 the Gargoyle Earth Elementalist began the quest for
                  | the Orb.
     0 | D:1      | Reached XP level 1. HP: 10/10 MP: 3/3
   127 | D:1      | Reached skill level 4 in Earth Magic
   183 | D:1      | Reached XP level 2. HP: 16/16 MP: 1/5
  1127 | D:2      | Reached XP level 3. HP: 20/20 MP: 1/6
  1395 | D:2      | Found a hide-covered altar of Uskayaw.
  1500 | D:2      | Identified the +8 dagger of Experimentation {heavy, rPois
                  | rF+ Int-4 Dex+4}
  1510 | D:2      | Reached skill level 1 in Fighting
  1675 | D:2      | Reached skill level 5 in Earth Magic
  1756 | D:2      | Reached XP level 4. HP: 25/25 MP: 5/7
  2020 | D:3      | Found a hazy altar of Hepliaklqana.
  2026 | D:3      | Noticed Ijyb
  2043 | D:3      | Killed Ijyb
  2097 | D:3      | Reached XP level 5. HP: 29/29 MP: 2/9
  2138 | D:3      | Reached skill level 6 in Earth Magic
  2272 | D:3      | Found a glowing drain.
  2286 | Sewer    | Entered a sewer
  2480 | Sewer    | Noticed a kobold brigand
  2486 | Sewer    | Killed a kobold brigand
  2487 | Sewer    | Reached XP level 6. HP: 35/35 MP: 3/10
  2580 | Sewer    | Found a white marble altar of Elyvilon.
  2678 | D:3      | Noticed Robin
  2685 | D:3      | Killed Robin
  2874 | D:3      | Found a basalt altar of Yredelemnul.
  2960 | D:3      | Found Uzulaih's Distillery.
  3242 | D:3      | Found a runed translucent door.
  3243 | D:3      | Noticed Crazy Yiuf
  3248 | D:3      | Killed Crazy Yiuf
  3249 | D:3      | Reached skill level 7 in Earth Magic
  3381 | D:4      | Noticed a black bear
  3389 | D:4      | Killed a black bear
  3428 | D:4      | Reached XP level 7. HP: 40/40 MP: 6/12
  3474 | D:4      | Found a sand-covered staircase.
  3487 | Ossuary  | Entered an ossuary
  3569 | Ossuary  | Reached skill level 8 in Earth Magic
  3696 | Ossuary  | Reached XP level 8. HP: 37/46 MP: 7/15
  3705 | Ossuary  | Reached skill level 1 in Maces & Flails
  3717 | Ossuary  | Slain by a wyvern zombie

Illustrated notes

Levels and vault maps discovered:
D:1:      heliophobic_arrival_glass_houses, layout_loops_ring
D:2:      layout_basic, basic_altar, grunt_ministairs_14
D:3:      layout_loops_ring, mainiacjoe_overflow_brackets,
          mainiacjoe_overflow_chevrons, serial_shops, shop,
          portal_sewer_entry_e, uniq_ijyb, uniq_crazy_yiuf_cottage, uniq_robin
D:4:      layout_basic, enter_ossuary_1, mrwooster_statue_mirror,
          minmay_misc_feat_encased
Ossuary:  ossuary_zaba_flooded

Skill      XL: |  1  2  3  4  5  6  7  8 |
---------------+-------------------------+-----
Earth Magic    | 4 5 6 7 8 |  8.9
Fighting       | 1 2 3 |  3.5
Spellcasting   | 3 4 |  4.9
Maces & Flails | 1 |  1.0
Dodging        | |  1.5
Stealth        | |  2.1
Transmutations | |  0.7

Action                     |  1- 3 |  4- 6 |  7- 9 || total
---------------------------+-------+-------+-------++-------
  Melee: Unarmed           |     3 |       |       ||     3
         Mace              |       |    29 |    23 ||    52
         Punch             |       |       |     1 ||     1
   Cast: Sandblast         |    56 |    96 |    43 ||   195
    Use: Potion            |       |     1 |     1 ||     2
         Scroll            |       |     1 |       ||     1
 Armour: Robe              |     3 |    28 |       ||    31
         Skin              |       |     9 |       ||     9
         Animal skin       |       |    14 |    30 ||    44
  Dodge: Dodged            |     7 |    46 |    45 ||    98

Table legend: (Time is in decaauts)
 A = Elapsed time spent in this place.
 B = Non-inter-level travel time spent in this place.
 C = Inter-level travel time spent in this place.
 D = Time resting spent in this place.
 E = Time spent auto-exploring this place.
 F = Levels seen in this place.
 G = Mean time per level.
                   A        B        C        D        E       F      G
               +--------+--------+--------+--------+--------+-----+--------+
         Total |   3863 |   3774 |     89 |    675 |   1914 |   6 |  643.8 |
       Dungeon |   3220 |   3131 |     89 |    314 |   1914 |   4 |  805.0 |
         Sewer |    380 |    380 |      0 |    209 |      0 |   1 |  380.0 |
       Ossuary |    262 |    262 |      0 |    152 |      0 |   1 |  262.0 |
               +--------+--------+--------+--------+--------+-----+--------+

Top non-repeatable levels by time:
     D:1: 1100 daAuts
     D:3: 992 daAuts
     D:2: 930 daAuts
   Sewer: 380 daAuts
 Ossuary: 262 daAuts
     D:4: 198 daAuts
